AoeStats
← chenya_ko

Arabia

510908335Analyzed
1v1 RM · 10h ago on Oct 3, 2026· 22m 13s· 2 players
Game mode
Random Map
Map size
Tiny (2 player)
Population
200
Speed
Normal
Resources
Standard
Victory
Conquest
Starting age
Dark Age
Ending age
Imperial Age
RankedLock teamsTeams togetherTeam positionsShared explorationLock speedFull tech treeHidden civsTurbo modeCheats
Victory
Defeat
🇺🇸 Vikings · United States
1070
+16
🇹🇼 Japanese · Taiwan
1078
-16
DrewbixCube30
5:24 Loom
11:02 Feudal Age
11:29 Horse Collar
11:37 Double-Bit Axe
14:17 Fletching
19:16 Padded Archer Armor
20:14 Gold Mining
chenya_ko
1:56 Loom
9:32 Feudal Age
9:49 Man-at-Arms
15:26 Fletching
16:45 Double-Bit Axe
17:44 Padded Archer Armor
20:34 Wheelbarrow
23:38 Castle Age
21:52 Scale Mail Armor
21:37 Horse Collar
Connection lost

Rejoining the realm…

Still unreachable

The connection could not be restored.

Session expired

The server has moved on; the page needs a fresh start.